 Dungeon Crawl Stone Soup version 0.31.0-11-ge490571c62 (webtiles) character file.

Game seed: 13096571366953663525

586 browni3141 the Chopper (level 7, 0/61 HPs)
             Began as a Minotaur Fighter on Jan 27, 2024.
             Slain by Dowan
             ... wielding a +0 dagger
              (4 damage)
             ... on level 5 of the Dungeon.
             The game lasted 00:01:17 (2040 turns).

browni3141 the Chopper (Minotaur Fighter)           Turns: 2040, Time: 00:01:17

Health: 0/61       AC:  7    Str: 22    XL:     7   Next: 15%
Magic:  6/6        EV:  9    Int:  5    God:
Gold:   130        SH:  5    Dex: 10    Spells: 6/6 levels left

rFire   . . .        a - +0 war axe
rCold   . . .        c - +0 buckler
rNeg    . . .        b - +0 scale mail
rPois   .            (helmet restricted)
rElec   .            (no cloak)
rCorr   .            (no gloves)
SInv    .            (no boots)
Will    .....        (no amulet) Stlth
                     (no ring)
HPRegen 0.30/turn    (no ring)
MPRegen 0.10/turn

%: no passive effects
@: no status effects
A: horns 2, retaliatory headbutt
a: no special abilities


You were on level 5 of the Dungeon.
You visited 1 branch of the dungeon, and saw 5 of its levels.

You collected 130 gold pieces.

Inventory:

Hand Weapons
 a - a +0 war axe (weapon)
Missiles
 e - a javelin (quivered)
Armour
 b - a +0 scale mail (worn)
 c - a +0 buckler (worn)
Wands
 j - a wand of flame (17)
Scrolls
 f - 3 scrolls of identify {unknown}
 g - a scroll of teleportation {unknown}
 h - a scroll of brand weapon {unknown}
 k - a scroll of immolation {unknown}
 l - a scroll of summoning {unknown}
 m - a scroll of enchant armour {unknown}
 n - a scroll of fog {unknown}
Potions
 i - a potion of curing {unknown}


   Skills:
 + Level 5.4 Fighting
 * Level 6.3 Axes
 + Level 5.4 Armour
 + Level 5.4 Shields


You had 6 spell levels left.
You didn't know any spells.
Your spell library was empty.

Dungeon Overview and Level Annotations

Branches:
Dungeon (5/15)
 Temple: D:4-7

Altars:

Annotations:
D:5 Dowan


Innate Abilities, Weirdness & Mutations

You have a pair of horns on your head.
You reflexively headbutt those who attack you in melee.


Message History

The adder completely misses you.
You hit the adder but do no damage. You block the adder's attack.
The adder bites you.
You closely miss the adder. The adder bites you but does no damage.
You hit the adder.
The adder is moderately wounded.
The adder bites you.
You are poisoned.
The adder poisons you! The adder barely misses you. You furiously retaliate!
You headbutt the adder!
You kill the adder!
Your Axes skill increases to level 6!
You feel sick.
No target in view!
You feel sick.
You feel sick.
You feel sick.
You feel sick.
You are no longer poisoned.
You now have 130 gold pieces (gained 7).
Duvessa, Sister of Dowan comes into view.
She is wielding a +0 short sword.
Duvessa shouts!
Duvessa is nearby!
Duvessa is nearby!
Duvessa is nearby!
Dowan, Brother of Duvessa comes into view.
He is wielding a +0 dagger.
Duvessa roars, "You can run, but you cannot escape us forever!"
You throw a javelin. The javelin pierces through Duvessa.
Duvessa is lightly wounded.
Dowan casts a spell at you. The puff of frost hits you.
You throw a javelin. The javelin pierces through Duvessa!
Duvessa is moderately wounded.
The javelin pierces through Dowan.
Dowan is lightly wounded.
You throw a javelin.
The javelin pierces through Duvessa but does no damage.
Duvessa is moderately wounded.
The javelin closely misses Dowan.
Duvessa barely misses you. You furiously retaliate!
You headbutt Duvessa! Duvessa hits you with a +0 short sword.
Dowan barely misses you. You furiously retaliate!
You headbutt Dowan! You barely miss Duvessa.
Duvessa is heavily wounded.
You miss Dowan. Duvessa hits you but does no damage.
Dowan hits you with a +0 dagger.
You hit Duvessa but do no damage. You headbutt Duvessa!
Duvessa is almost dead.
You closely miss Dowan. Duvessa hits you with a +0 short sword.
Dowan says, "Stay away from my face!"
Dowan hits you with a +0 dagger.
You barely miss Duvessa.
Duvessa is almost dead.
You miss Dowan. Duvessa hits you with a +0 short sword.
Dowan hits you but does no damage.
You hit Duvessa but do no damage.
Duvessa is almost dead.
You closely miss Dowan. Duvessa hits you with a +0 short sword.
Dowan points at Duvessa and mumbles some strange words.
Duvessa seems to speed up.
Dowan hits you but does no damage. Duvessa closely misses you.
You hit Duvessa but do no damage.
Duvessa is almost dead.
You closely miss Dowan. Duvessa barely misses you.
Dowan gestures wildly while chanting.
Dowan blinks!
Duvessa completely misses you.
You barely miss Duvessa. You headbutt Duvessa.
You kill Duvessa!
Dowan screams, "No!
No!"
Dowan seems to find hidden reserves of power!
You have reached level 7!
You barely miss Dowan. You headbutt Dowan, but do no damage.
Dowan is heavily wounded.
Dowan casts a spell at you. The shard of ice hits you!
Dowan hits you but does no damage.
You completely miss Dowan. Your headbutt misses Dowan.
Dowan is heavily wounded.
Dowan hits you but does no damage.
You closely miss Dowan. You headbutt Dowan.
Dowan is heavily wounded.
Dowan casts a spell at you. The stone arrow hits you!
Dowan hits you with a +0 dagger.
You hit Dowan.
Dowan is severely wounded.
You block Dowan's attack. Dowan hits you with a +0 dagger.
You barely miss Dowan.
Dowan is severely wounded.
Dowan gestures wildly while chanting.
Dowan blinks!
Dowan barely misses you.
You miss Dowan.
Dowan is severely wounded.
Dowan hits you with a +0 dagger. You block Dowan's attack.
You closely miss Dowan.
Dowan is severely wounded.
Dowan hits you but does no damage. You block Dowan's attack.
You hit Dowan.
Dowan is severely wounded.
Dowan hits you with a +0 dagger.
You die...

.. #.# ##. #..##..
....### .....######.
#..........
#.)........ ####.
##.e......(. ##....
##...@....##.
......##......####..
#....#...#....###..
#.....##........
###....###........
#......##.....#..#
#.#....##.....#..# .
#..........##..#
##.........##..#####
###


You could see Dowan (fast).

Vanquished Creatures
  Duvessa (D:5)
  An ogre (D:5)
  A phantom (D:4)
  A scorpion (D:4)
  3 hounds (D:4)
  A gnoll bouda (D:4)
  9 gnolls
  3 adders
  2 ufetubi (D:4)
  2 dart slugs
  An orc (D:5)
  2 ball pythons
  3 bats
  3 endoplasms
  2 giant cockroaches (D:4)
  3 goblins
  A hobgoblin (D:4)
  2 jackals (D:1)
  4 kobolds
  2 quokkas
47 creatures vanquished.

Notes
Turn   | Place    | Note
-------+----------+-------------------------------------------
     0 | D:1      | browni3141 the Minotaur Fighter began the quest for the
                  | Orb.
     0 | D:1      | Reached XP level 1. HP: 19/19 MP: 0/0
   260 | D:2      | Reached XP level 2. HP: 27/27 MP: 1/1
   367 | D:3      | Reached skill level 3 in Axes
   389 | D:3      | Identified the +0 leather armour of Shielding {Will+ Str+4}
   448 | D:4      | Reached XP level 3. HP: 31/33 MP: 2/2
   675 | D:4      | Reached skill level 4 in Axes
   675 | D:4      | Reached XP level 4. HP: 36/40 MP: 3/3
   717 | D:4      | Noticed a phantom
   727 | D:4      | Killed a phantom
   728 | D:4      | Reached XP level 5. HP: 40/47 MP: 4/4
  1074 | D:4      | Reached skill level 5 in Axes
  1074 | D:4      | Reached XP level 6. HP: 32/55 MP: 5/5
  1324 | D:4      | Reached skill level 5 in Fighting
  1324 | D:4      | Reached skill level 5 in Armour
  1324 | D:4      | Reached skill level 5 in Shields
  1486 | D:5      | Entered Level 5 of the Dungeon
  1936 | D:5      | Reached skill level 6 in Axes
  2020 | D:5      | Noticed Duvessa
  2021 | D:5      | Noticed Dowan
  2031 | D:5      | Killed Duvessa
  2032 | D:5      | Reached XP level 7. HP: 35/61 MP: 6/6
  2038 | D:5      | HP: 3/61 [Dowan/+0 dagger (6)]
  2040 | D:5      | Slain by Dowan

Illustrated notes

Levels and vault maps discovered:
D:1:      evilmike_arrival_plus, layout_loops_corners, hex_medium,
          nrook_campfire, amcnicky_mini_rare_corridor_liquid
D:2:      layout_loops_corners, basic_altar,
          shapermc_ecumenical_altar_mp_vishouse, serial_bayou_lake_a
D:3:      layout_basic, vehumet_statue, mainiacjoe_overflow_alcove_1,
          grunt_decor_cap
D:4:      layout_basic
D:5:      layout_layer_cave, uniq_duvessa

Skill      XL: |  1  2  3  4  5  6 |
---------------+-------------------+-----
Axes           | 3 4 5 6 |  6.3
Fighting       | 4 5 |  5.4
Armour         | 4 5 |  5.4
Shields        | 4 5 |  5.4

Action                     |  1- 3 |  4- 6 |  7- 9 || total
---------------------------+-------+-------+-------++-------
  Melee: War axe           |    48 |    73 |     8 ||   129
         Headbutt          |     5 |     9 |     2 ||    16
  Throw: Javelin           |       |     3 |       ||     3
    Use: Potion            |       |     1 |       ||     1
 Armour: Scale mail        |    40 |    93 |     9 ||   142
  Dodge: Dodged            |    21 |    60 |     1 ||    82
  Block: Buckler           |    11 |    26 |     3 ||    40
